 Dungeon Crawl Stone Soup version 0.32-a0-975-g85d4e5bfdb (webtiles) character file.

Game seed: 13722412778404887373

172 DEFE the Cudgeller (level 5, 0/41 HPs)
             Began as a Coglin Fighter on Apr 18, 2024.
             Slain by an orc
             ... wielding a +0 club
              (3 damage)
             ... on level 4 of the Dungeon.
             The game lasted 00:02:18 (3669 turns).

DEFE the Cudgeller (Coglin Fighter)                 Turns: 3669, Time: 00:02:19

Health: 0/41       AC:  5    Str: 18    XL:     5   Next: 52%
Magic:  5/5        EV: 10    Int:  7    God:
Gold:   119        SH:  0    Dex: 14    Spells: 4/4 levels left

rFire   . . .        a - +0 flail {Jinae}
rCold   + . .        k - +1 dagger (venom) {Dalbir}
rNeg    . . .        n - +2 leather armour {rC+}
rPois   .            (no helmet)
rElec   .            (no cloak)
rCorr   .            (no gloves)
SInv    .            (no boots)
Will    .....        (amulet unavailable)
Stlth   +            (ring unavailable)
HPRegen 0.26/turn    (ring unavailable)
MPRegen 0.09/turn    (no gizmo)

%: no passive effects
@: confused, ambrosia-drunk, hasted, revved, very quick
A: off-hand wielding, slow wielding, warmup strikes, no jewellery
a: Invent Gizmo, Convert to Beogh


You were on level 4 of the Dungeon.
You visited 2 branches of the dungeon, and saw 5 of its levels.

You collected 119 gold pieces.

Inventory:

Hand Weapons
 a - a +0 flail (weapon) {Jinae}
 e - a +0 club
 k - a +1 dagger of venom (offhand) {Dalbir}
Missiles
 o - a throwing net (quivered)
Armour
 b - a +0 scale mail
 c - a +0 buckler
 n - a +2 leather armour of cold resistance (worn)
 s - a +0 plate armour
Wands
 r - a wand of mindburst (18)
Scrolls
 i - 2 scrolls of teleportation {unknown}
 l - a scroll of vulnerability {unknown}
 m - 3 scrolls of identify {unknown}
 p - a scroll of amnesia {unknown}
Potions
 d - a potion of might
 f - a potion of haste
 g - a potion of curing {unknown}
 h - a potion of ambrosia
 j - a potion of resistance {unknown}
 q - 2 potions of lignification {unknown}
 t - a potion of brilliance {unknown}
 u - a potion of heal wounds {unknown}


   Skills:
 - Level 3.0 Fighting
 + Level 4.5 Maces & Flails
 - Level 2.6 Armour
 - Level 2.1 Shields
 + Level 2.8 Evocations


You had 4 spell levels left.
You didn't know any spells.
Your spell library contained the following spells:

 Spells                   Type           Power      Damage    Failure   Level
 Apportation              Tloc           0%         N/A       50%         1
 Necrotise                Necr           0%         1d4       50%         1
 Sandblast                Erth           0%         2d4       50%         1
 Sting                    Conj/Alch      0%         1d3       50%         1
 Summon Small Mammal      Summ           0%         N/A       50%         1
 Jinxbite                 Hex            0%         N/A       63%         2
 Scorch                   Fire           0%         2d5       63%         2
 Passwall                 Erth           0%         N/A       86%         3
 Stone Arrow              Conj/Erth      0%         3d7       86%         3
 Flame Wave               Conj/Fire      0%         2d4       99%         4
 Alistair's Intoxication  Alch           0%         N/A       100%        5
 Yara's Violent Unravell  Hex/Alch       0%         3d3       100%        5
 Summon Cactus Giant      Summ           0%         N/A       100%        6
 Enfeeble                 Hex            0%         N/A       100%        7


Dungeon Overview and Level Annotations

Branches:
Dungeon (4/15)             Temple (1/1) D:4

Altars:
Ashenzari
Cheibriados
Dithmenos
Hepliaklqana
Kikubaaqudgha
Nemelex Xobeh
Qazlal
Sif Muna
Trog
Uskayaw
Xom
The Shining One

Shops:
D:2 (


Innate Abilities, Weirdness & Mutations

You can wield a second weapon in your off-hand.
It takes a long time for you to wield or remove held weapons.
Your first few attacks do less damage.
You cannot equip rings or amulets.


Message History

* * * LOW HITPOINT WARNING * * *
You closely miss the orc priest with your +1 dagger of venom.
The orc priest is moderately wounded.
The orc priest shouts, "Surrender to Beogh and we'll let you live!"
You hit the orc priest with your +0 flail.
The orc priest begins to cast a cantrip, but forgets the words!
The orc wizard hits you but does no damage.
The orc barely misses you. The orc hits you but does no damage.
Unknown command.
It was a potion of haste.
You feel yourself speed up. The orc priest misses you.
The orc wizard casts a spell at you. The puff of flame hits you.
* * * LOW HITPOINT WARNING * * *
The orc hits you but does no damage. The orc barely misses you.
Unknown command.
It was a potion of ambrosia.
You are confused.
You feel invigorated.
You kill the orc wizard!
The orc hits you from afar with a +0 trident.
* * * LOW HITPOINT WARNING * * *
The orc priest completely misses you.
You bump into the rock wall.
The orc priest miscasts a cantrip.
The orc misses you. The orc hits you but does no damage.
Unknown command.
Unknown command.
You bump into the rock wall.
Unknown command.
Unknown command.
You closely miss the orc priest with your +0 flail.
The orc priest is almost dead.
You completely miss the orc priest with your +1 dagger of venom.
The orc hits you with a +0 hand axe.
* * * LOW HITPOINT WARNING * * *
The orc priest hits you with a +0 hand axe.
* * * LOW HITPOINT WARNING * * *
The orc closely misses you. The orc hits you with a +0 club.
You die...

# ###....## .#
#..#####.####......##
..##.....#....#....##...
............#......##...
............###...###...
..#....#....# ##..###...
............# #..<.....
.....ooo....# ##........
.....Ko@....###...#..##.
.....####....#..####..#.
... ##.....## ##... .
#....## ##..#
#....######..##
#............#
#............# ..#
#...###......#
...##........#...#


You could see an orc priest (poisoned), 3 orcs and a kobold.

Vanquished Creatures
  A sleepcap (D:4)
  An orc wizard (D:4)
  4 gnolls (D:3)
  2 adders (D:2)
  A dart slug (D:1)
  7 ball pythons
  9 endoplasms
  4 giant cockroaches
  5 goblins
  10 hobgoblins
  2 quokkas (D:2)
  6 bats
  2 frilled lizards
  5 kobolds
  3 rats
62 creatures vanquished.

Notes
Turn   | Place    | Note
-------+----------+-------------------------------------------
     0 | D:1      | DEFE the Coglin Fighter began the quest for the Orb.
     0 | D:1      | Reached XP level 1. HP: 18/18 MP: 1/1
    90 | D:1      | Reached skill level 2 in Maces & Flails
   209 | D:1      | Reached XP level 2. HP: 11/24 MP: 2/2
   817 | D:1      | Reached skill level 3 in Maces & Flails
   945 | D:1      | Reached XP level 3. HP: 27/29 MP: 3/3
  1256 | D:2      | Noticed a golden eye
  1258 | D:2      | Found a faded altar of an unknown god.
  1260 | D:2      | Noticed a shining eye
  1261 | D:2      | Noticed a glass eye
  1261 | D:2      | Noticed a shining eye
  1475 | D:2      | Reached XP level 4. HP: 35/35 MP: 4/4
  1654 | D:2      | Found Tapeuseh's Antique Weapon Emporium.
  2029 | D:3      | Reached skill level 4 in Maces & Flails
  2119 | D:3      | Reached skill level 1 in Evocations
  2419 | D:3      | Found a sparkling altar of Nemelex Xobeh.
  2474 | D:3      | Found a glowing golden altar of the Shining One.
  2517 | D:3      | Reached XP level 5. HP: 41/41 MP: 5/5
  2872 | D:3      | Found a shimmering blue altar of Sif Muna.
  3083 | D:4      | Found a staircase to the Ecumenical Temple.
  3113 | Temple   | Entered the Ecumenical Temple
  3206 | D:4      | Found a hide-covered altar of Uskayaw.
  3519 | D:4      | Found a shadowy altar of Dithmenos.
  3519 | D:4      | Noticed a shadow
  3522 | D:4      | Found a hazy altar of Hepliaklqana.
  3669 | D:4      | Slain by an orc

Illustrated notes

Levels and vault maps discovered:
D:1:      minmay_arrival_checkered_box, layout_basic
D:2:      layout_basic, serial_shops, nicolae_shop_rolling_square,
          hellmonk_ecumenical_altar_watching_god
D:3:      layout_basic, nicolae_overflow_hidden_temple,
          nemelex_diamond_rough_becter, lemuel_blue_sif_altar
D:4:      layout_layer_cave, riverfiend_overflow_shadow_ancestor,
          eat_drink_and_be_merry_uskayaw, lightli_temple_of_fire,
          minmay_temple_entry_wispy
Temple:   nicolae_temple_ecumenical_triangle

Skill      XL: |  1  2  3  4  5 |
---------------+----------------+-----
Maces & Flails | 2 3 4 |  4.5
Evocations     | 1 2 |  2.8
Fighting       | |  3.0
Armour         | |  2.6
Shields        | |  2.1

Action                     |  1- 3 |  4- 6 || total
---------------------------+-------+-------++-------
  Melee: Flail             |    72 |    44 ||   116
         Dagger            |    40 |    42 ||    82
    Use: Scroll            |       |     1 ||     1
         Potion            |       |     2 ||     2
   Stab: Sleeping          |       |     1 ||     1
 Armour: Scale mail        |    63 |       ||    63
         Leather armour    |     3 |    46 ||    49
  Dodge: Dodged            |    34 |    35 ||    69
  Block: Buckler           |     7 |       ||     7

Table legend: (Time is in decaauts)
 A = Elapsed time spent in this place.
 B = Non-inter-level travel time spent in this place.
 C = Inter-level travel time spent in this place.
 D = Time resting spent in this place.
 E = Time spent auto-exploring this place.
 F = Levels seen in this place.
 G = Mean time per level.
                   A        B        C        D        E       F      G
               +--------+--------+--------+--------+--------+-----+--------+
         Total |   3687 |   3545 |    142 |    595 |   2488 |   5 |  737.4 |
       Dungeon |   3672 |   3534 |    138 |    595 |   2488 |   4 |  918.0 |
        Temple |     14 |     10 |      4 |      0 |      0 |   1 |   14.0 |
               +--------+--------+--------+--------+--------+-----+--------+

Top non-repeatable levels by time:
     D:1: 1231 daAuts
     D:3: 985 daAuts
     D:2: 803 daAuts
     D:4: 651 daAuts
  Temple: 14 daAuts
